 Dungeon Crawl Stone Soup version 0.29.1-2-gbd0b4ee654 (webtiles) character file.

Game seed: 10671856521886059121

2276 Linkola the Basher (level 9, -11/75 HPs)
             Began as a Minotaur Fighter on Nov 14, 2022.
             Was a Follower of Wu Jian.
             Mangled by an ice beast (12 damage)
             ... on level 6 of the Dungeon on Nov 17, 2022.
             The game lasted 00:17:33 (7203 turns).

Linkola the Basher (Minotaur Fighter)               Turns: 7203, Time: 00:17:34

Health: -11/75     AC: 13    Str: 25    XL:     9   Next: 16%
Magic:  8/8        EV: 16    Int:  5    God:    Wu Jian [*.....]
Gold:   906        SH:  6    Dex: 17    Spells: 8/8 levels left

rFire   . . .      SeeInvis .   k - +2 whip (holy)
rCold   . . .      Faith    .   c - +0 buckler
rNeg    . . .      Spirit   .   g - +1 ring mail of the Saviour {Dex+4}
rPois   .          Reflect  .   (helmet restricted)
rElec   .          Harm     .   e - +0 cloak
rCorr   .          Rampage  .   m - +2 pair of gloves {Dex+3}
Will    .....                   a - +0 pair of boots
Stlth   +.........              (no amulet)
HPRegen 0.22/turn               f - ring of flight
MPRegen 0.11/turn               j - +4 ring of evasion

@: mighty, flying
A: horns 2, retaliatory headbutt
a: Renounce Religion


You were on level 6 of the Dungeon.
You worshipped Wu Jian.
Wu Jian was aware of your devotion.
You visited 1 branch of the dungeon, and saw 7 of its levels.

You collected 906 gold pieces.

Inventory:

Hand Weapons
 k - a +2 whip of holy wrath (weapon)
Missiles
 i - 3 boomerangs
 p - 16 poisoned darts
 s - a curare-tipped dart
 t - 12 stones (quivered)
Armour
 a - a +0 pair of boots (worn)
 c - a +0 buckler (worn)
 e - a +0 cloak (worn)
 g - the +1 ring mail of the Saviour (worn) {Dex+4}
   (You found it on level 3 of the Dungeon)

   Dex:       It affects your dexterity (+4).
 m - a +2 pair of gloves of dexterity (worn)
Jewellery
 f - a ring of flight (left hand)
 j - a +4 ring of evasion (right hand)
 o - a ring of protection from fire
Wands
 l - a wand of iceblast (12)
 v - a wand of paralysis (4)
Scrolls
 b - a scroll of magic mapping
 h - 2 scrolls of blinking
 r - a scroll of teleportation
 u - a scroll of butterflies
 x - a scroll of poison
Potions
 d - a potion of might
 n - 2 potions of haste
 q - a potion of resistance
 w - a potion of invisibility


   Skills:
 + Level 6.1 Fighting
 + Level 8.5 Maces & Flails
 * Level 5.1 Throwing
 + Level 7.0 Armour
 + Level 3.9 Dodging
 + Level 1.3 Stealth
 + Level 5.7 Shields


You had 8 spell levels left.
You didn't know any spells.
Your spell library contained the following spells:

 Spells                   Type           Power      Damage    Failure   Level
 Necrotise                Necr           0%         1d4       69%         1
 Summon Small Mammal      Summ           0%         N/A       69%         1
 Ensorcelled Hibernation  Hex/Ice        0%         N/A       83%         2
 Passwall                 Tmut/Erth      0%         N/A       83%         2
 Scorch                   Fire           0%         2d5       83%         2
 Sublimation of Blood     Necr           0%         N/A       83%         2
 Call Canine Familiar     Summ           0%         N/A       96%         3
 Gell's Gravitas          Tloc           0%         N/A       96%         3
 Ignite Poison            Fire/Tmut/Pois 0%         N/A       96%         3
 Lesser Beckoning         Tloc           0%         N/A       96%         3
 Mephitic Cloud           Conj/Pois/Air  0%         N/A       96%         3
 Summon Guardian Golem    Hex/Summ       0%         N/A       96%         3
 Swiftness                Air            0%         N/A       96%         3
 Teleport Other           Tloc           0%         N/A       96%         3
 Vampiric Draining        Necr           0%         2d6       96%         3
 Flame Wave               Conj/Fire      0%         2d4       100%        4
 Petrify                  Tmut/Erth      0%         N/A       100%        4
 Summon Ice Beast         Ice/Summ       0%         N/A       100%        4
 Agony                    Necr           0%         N/A       100%        5
 Blade Hands              Tmut           0%         N/A       100%        5
 Freezing Cloud           Conj/Ice/Air   0%         6-21      100%        5
 Irradiate                Conj/Tmut      0%         3d11      100%        5
 Summon Mana Viper        Hex/Summ       0%         N/A       100%        5
 Summon Cactus Giant      Summ           0%         N/A       100%        6
 Dragon Form              Tmut           0%         N/A       100%        7
 Monstrous Menagerie      Summ           0%         N/A       100%        7


Dungeon Overview and Level Annotations

Branches:
Dungeon (7/15)             Temple (0/1) D:5

Altars:
Ashenzari
Elyvilon
Fedhas
Gozag
Nemelex Xobeh
Ru
Wu Jian

Shops:
D:4 =   D:7 ((

Portals:
Ossuary: D:7

Annotations:
D:6 1 transporter


Innate Abilities, Weirdness & Mutations

You have a pair of horns on your head.
You reflexively headbutt those who attack you in melee.


Message History

There is a transporter here.
You enter the transporter and appear at another place.
q - a potion of resistance As you open the gate, it creaks loudly!
You are engulfed in freezing vapours.
There is an open gate here.
You are engulfed in freezing vapours.
You completely miss the ice beast.
You are engulfed in freezing vapours.
You are too injured to fight recklessly!
You are too injured to fight recklessly!
You are too injured to fight recklessly!
You are too injured to fight recklessly!
You are too injured to fight recklessly!
You are too injured to fight recklessly!
You are too injured to fight recklessly!
You are too injured to fight recklessly!
You are too injured to fight recklessly!
You are too injured to fight recklessly!
You are too injured to fight recklessly!
You are too injured to fight recklessly!
You are too injured to fight recklessly!
You are too injured to fight recklessly!
You are too injured to fight recklessly!
You are too injured to fight recklessly!
You are too injured to fight recklessly!
You are too injured to fight recklessly!
You hit the ice beast.
You headbutt the ice beast, but do no damage.
The ice beast is lightly wounded.
You are engulfed in freezing vapours.
* * * LOW HITPOINT WARNING * * *
The ice beast misses you. You furiously retaliate!
You headbutt the ice beast. You block the ice beast's attack.
You feel very mighty all of a sudden.
You are engulfed in freezing vapours.
* * * LOW HITPOINT WARNING * * *
The ice beast hits you.
* * * LOW HITPOINT WARNING * * *
The ice beast freezes you!
You die...

###### ###########
##...#########.........###
......#........#######...#
......#.########○°☼☼°###.# ######
........#☼○°○○○#☼°°○°###.###....#
###.....#.○○°°°#°°°☼.###...#.##.#
#.....#°☼#.#.☼☼○.$?#..##.#.##.#
#....©#°○©...°○○.$©#©..#>..##..
#.....#°.#.#.°@Y.$(#......))... #
#...###°☼○°°°#○Y☼☼°#.......)... #
#...# #○○°°○°#○○°°°#.#.....#... #
##### ########°°°°°#.#....###.. #
########## #######.#...#####. #
#........# ####.#..###.### #
#........# #....#.###._.##
####........# #.####..###.###
............# #.####..[#'#+#.


You could see 2 ice beasts.

Vanquished Creatures
  A water moccasin (D:5)
  2 orc warriors
  3 ice beasts
  A sky beast (D:6)
  2 ogres
  2 phantoms
  2 kobold brigands (D:6)
  A bullfrog (D:6)
  A necrophage (D:5)
  6 scorpions
  A water moccasin skeleton (D:6)
  A howler monkey (D:6)
  A centaur zombie (D:6)
  An orc priest (D:7)
  A hound (D:4)
  A gnoll bouda (D:4)
  4 orc wizards
  5 iguanas
  3 gnolls (D:4)
  2 howler monkey skeletons (D:6)
  6 adders
  2 shadow imps
  A white imp (D:6)
  3 worms
  4 dart slugs
  22 orcs
  10 bats
  4 endoplasms
  A giant cockroach (D:4)
  7 hobgoblins
  4 jackals
  12 kobolds
  6 quokkas
  7 ball pythons
  7 frilled lizards
  7 goblins
  3 rats
147 creatures vanquished.

Vanquished Creatures (others)
  50 plants (D:4)
  A withered plant (D:6)
51 creatures vanquished.

Grand Total: 198 creatures vanquished

Notes
Turn   | Place    | Note
-------+----------+-------------------------------------------
     0 | D:1      | Linkola the Minotaur Fighter began the quest for the Orb.
     0 | D:1      | Reached XP level 1. HP: 19/19 MP: 0/0
    61 | D:1      | Reached XP level 2. HP: 11/27 MP: 1/1
   500 | D:1      | Reached skill level 1 in Throwing
  1034 | D:2      | Found a faded altar of an unknown god.
  1128 | D:2      | Reached skill level 3 in Maces & Flails
  1128 | D:2      | Reached XP level 3. HP: 33/33 MP: 2/2
  1970 | D:3      | Reached XP level 4. HP: 37/40 MP: 3/3
  2471 | D:3      | Identified the +1 ring mail of the Saviour {Dex+4}
  2548 | D:4      | Noticed an ogre
  2558 | D:4      | Reached skill level 1 in Dodging
  2565 | D:4      | Reached XP level 5. HP: 20/46 MP: 4/4
  2572 | D:3      | Killed an ogre
  2770 | D:4      | Reached skill level 4 in Maces & Flails
  2779 | D:4      | HP: 2/46 [gnoll/+0 spear[a gnoll bouda] (2)]
  2782 | D:4      | Reached skill level 5 in Armour
  2782 | D:4      | Reached XP level 6. HP: 2/52 MP: 5/5
  3407 | D:4      | Found Ziamaw's Jewellery Shoppe.
  3469 | D:4      | Noticed an ice beast
  3484 | D:4      | Killed an ice beast
  3506 | D:4      | Found a sacrificial altar of Ru.
  3684 | D:4      | Found a blossoming altar of Fedhas.
  3942 | D:4      | Reached XP level 7. HP: 44/60 MP: 6/6
  4173 | D:5      | Entered Level 5 of the Dungeon
  4180 | D:5      | Reached skill level 5 in Maces & Flails
  4453 | D:5      | Reached skill level 1 in Stealth
  4588 | D:5      | You are sucked into a shaft and drop 2 floors!
  4674 | D:7      | Reached skill level 5 in Shields
  4699 | D:7      | Reached skill level 6 in Maces & Flails
  4904 | D:7      | Found Irolat's Weapon Shop.
  5143 | D:7      | Found a sand-covered staircase.
  5156 | D:7      | Found Tazeas's Antique Weapon Emporium.
  5221 | D:6      | Found a transporter.
  5231 | D:6      | Reached XP level 8. HP: 67/67 MP: 7/7
  5236 | D:6      | Reached skill level 5 in Fighting
  5412 | D:5      | Found an ornate altar of the Wu Jian Council.
  5454 | D:5      | Found a staircase to the Ecumenical Temple.
  5499 | D:5      | Became a worshipper of the Wu Jian Council
  5575 | D:5      | Found a white marble altar of Elyvilon.
  5576 | D:5      | Found a broken altar of Ashenzari.
  5692 | D:5      | Found an opulent altar of Gozag.
  5785 | D:5      | Reached skill level 7 in Maces & Flails
  6177 | D:6      | Reached skill level 8 in Maces & Flails
  6221 | D:6      | Reached XP level 9. HP: 15/75 MP: 8/8
  6312 | D:6      | Reached skill level 5 in Throwing
  6840 | D:6      | Identified a scroll of acquirement
  6842 | D:6      | Acquired 574 gold pieces
  6851 | D:6      | Found a transporter.
  6894 | D:6      | Found a sparkling altar of Nemelex Xobeh.
  6935 | D:6      | Reached * piety under Wu Jian
  7203 | D:6      | HP: 3/75 [something (11)]
  7203 | D:6      | HP: 1/75 [ice beast (2)]
  7203 | D:6      | Mangled by an ice beast

Illustrated notes

Levels and vault maps discovered:
D:1:      lightli_molten_gateway, layout_basic, chequers_serial_rivers_micro_a
D:2:      layout_basic, hellmonk_ecumenical_altar_heavens_door
D:3:      layout_loops_corners, kennysheep_generic_room_5
D:4:      layout_basic, mainiacjoe_overflow_catch_the_wave, serial_shops,
          nicolae_shop_waterfront
D:5:      layout_basic, kennysheep_mini_moat, lemuel_doored_altar,
          nicolae_overflow_squiral, minmay_temple_entry_trees
D:6:      gammafunk_cloud_chamber, layout_basic, nemelex_diamond_rough_becter,
          serial_undead, serial_undead_e, serial_undead_f, serial_undead_e,
          serial_undead_d
D:7:      layout_layer_cave, nicolae_overflow_hidden_temple, serial_shops, shop,
          nicolae_take_the_stairs, shop, chequers_ossuary_entry_cave

Skill      XL: |  1  2  3  4  5  6  7  8  9 |
---------------+----------------------------+-----
Throwing       | 1 2 3 4 5 |  5.1
Maces & Flails | 3 4 6 8 |  8.5
Armour         | 4 5 6 7 |  7.0
Fighting       | 4 6 |  6.1
Shields        | 4 5 |  5.7
Dodging        | 1 2 3 |  3.9
Stealth        | 1 |  1.3

Action                   |  1- 3 |  4- 6 |  7- 9 || total
-------------------------+-------+-------+-------++-------
Melee: Flail             |    45 |       |       ||    45
       Whip              |    53 |   121 |   254 ||   428
       Headbutt          |    11 |    23 |    47 ||    81
Throw: Stone             |     9 |       |       ||     9
       Dart              |     1 |     5 |       ||     6
Invok: Lunge             |       |       |     5 ||     5
  Use: Scroll            |     1 |     9 |     9 ||    19
       Potion            |       |     2 |     2 ||     4
Armor: Scale mail        |    58 |    12 |       ||    70
       Ring mail         |       |    29 |    74 ||   103
Dodge: Dodged            |    63 |    90 |   125 ||   278
Block: Buckler           |    27 |    33 |    47 ||   107
